Map: Blackpink LE

Players

EpicMuleTime - Winner!

  • Race: Terran Terran
  • League: Diamond
  • Spawn Location: 7:00

A.I. 2 (Very Easy)

  • Race: Protoss Protoss
  • Spawn Location: 1:00

VOD

Have the link to the VOD?

Description

Time

  • Played on: March 11, 2018, 6:46 p.m.
  • Length: 11:10
Show
View Real Time Build Order
Export as new Build Order

EpicMuleTime Terran - Winner!

Build Orders: Reaper Expand, MMM Bio 

Get SALT Encoding   

  12  0:01  SCV  
  13  0:13  SCV  
  14  0:18  Supply Depot  
  14  0:25  SCV  
  15  0:32  Refinery  
  15  0:40  SCV  
  16  0:47  Barracks  
  16  0:52  SCV  
  17  1:04  SCV  
  18  1:16  SCV  
  19  1:38  Reaper, Orbital Command  
  20  1:47  Command Center  
  20  1:59  Factory  
  20  2:03  Refinery  
  20  2:05  SCV  
  21  2:13  Supply Depot  
  21  2:14  Barracks Reactor  
  21  2:18  SCV  
  22  2:30  SCV  
  23  2:42  SCV  
  24  2:55  Starport  
  24  3:01  Marine  
  24  3:02  Marine  
  24  3:04  Orbital Command  
  26  3:06  SCV  
  26  3:09  Cyclone  
  30  3:18  SCV  
  31  3:21  Marine  
  31  3:22  Marine  
  33  3:30  Supply Depot, SCV  
  33  3:32  SCV  
  35  3:36  Medivac  
  39  3:41  Widow Mine  
  39  3:42  SCV  
  39  3:43  Marine x2  
  39  3:44  SCV  
  43  3:53  Supply Depot  
  43  3:54  SCV  
  44  3:56  SCV  
  45  4:03  Marine x2  
  45  4:06  SCV  
  48  4:14  SCV  
  49  4:17  Supply Depot  
  49  4:18  SCV  
  49  4:21  Marine x2  
  49  4:22  Starport Tech Lab, Factory Tech Lab  
  52  4:26  SCV  
  52  4:29  Barracks  
  52  4:30  SCV  
  54  4:31  Barracks  
  54  4:37  Engineering Bay  
  54  4:42  SCV  
  54  4:43  Supply Depot  
  55  4:46  SCV  
  55  4:50  Marine x2  
  58  4:59  SCV x2  
  58  5:04  Starport Reactor, Factory Reactor  
  58  5:06  Supply Depot  
  58  5:07  Terran Infantry Weapons Level 1  
  58  5:08  Marine x2  
  58  5:11  SCV x2  
  58  5:12  Refinery x2  
  62  5:23  SCV x2  
  62  5:26  Marine x2  
  66  5:30  Stimpack  
  66  5:33  Combat Shields  
  66  5:34  Marine  
  66  5:35  Marauder  
  69  5:36  SCV x2  
  71  5:44  Marine  
  71  5:48  SCV  
  73  5:50  Medivac x2  
  73  5:51  Command Center  
  73  5:52  Widow Mine x2  
  81  6:00  Marine x2, Supply Depot  
  81  6:02  SCV  
  81  6:03  Supply Depot, SCV  
  85  6:14  Marine  
  86  6:20  Marine  
  86  6:21  Medivac x2  
  86  6:22  SCV  
  86  6:23  SCV  
  86  6:24  Widow Mine, Supply Depot  
  95  6:27  Supply Depot  
  95  6:28  Supply Depot  
  95  6:29  Marine  
  95  6:30  Marine  
  97  6:36  Marine  
  97  6:38  Marine  
  99  6:47  Barracks  
  99  6:48  Supply Depot  
  99  6:49  Widow Mine x2  
  99  6:50  Supply Depot, Barracks  
  99  6:53  Medivac  
  105  6:54  Medivac  
  107  7:02  Terran Infantry Armor Level 1  
  107  7:04  Concussive Shells  
  107  7:05  Marauder  
  109  7:09  Marine x2  
  109  7:11  SCV x2  
  113  7:19  Marauder  
  113  7:20  Widow Mine  
  117  7:25  Orbital Command  
  117  7:27  Marauder  
  119  7:42  Marine, SCV x2  
  119  7:43  Marine, Marauder  
  125  7:45  Barracks Tech Lab  
  125  7:46  Barracks Reactor  
  125  7:48  Marauder  
  129  7:51  Widow Mine  
  129  7:52  Supply Depot  
  129  7:54  SCV  
  129  7:57  Refinery  
  130  7:59  Refinery  
  130  8:03  Medivac x2  
  130  8:04  Marine x2  
  130  8:05  Marine, Marauder  
  139  8:09  Marine  
  140  8:13  Barracks  
  140  8:16  Supply Depot  
  140  8:17  Barracks  
  140  8:18  Supply Depot  
  140  8:19  Widow Mine  
  142  8:22  Marine x2  
  142  8:23  Marauder  
  142  8:26  Marine, Armory, SCV x2  
  142  8:27  SCV  
  150  8:31  Armory  
  150  8:32  Liberator x2  
  150  8:36  Engineering Bay  
  150  8:38  SCV  
  150  8:41  Marine x2, Marauder  
  153  8:43  Supply Depot  
  153  8:44  Marauder x2  
  159  8:52  Widow Mine  
  159  8:55  SCV  
  168  8:58  Widow Mine  
  170  9:07  Barracks Reactor  
  170  9:09  Marine, Supply Depot  
  171  9:10  Marine x2, Marauder x3  
  179  9:27  Supply Depot  
  179  9:28  Marine x2  
  179  9:29  Barracks Reactor  
  181  9:32  Medivac  
  181  9:33  Barracks Tech Lab  
  181  9:36  Marine x2, Marauder x2  
  189  9:40  Starport  
  189  9:45  Marine x3  
  190  9:46  Marine  
  190  9:50  Medivac  
  195  9:56  Marine x2  
  195  9:57  Marine, Marauder  
  200  10:24  Ghost Academy, Starport Reactor  
  200  10:31  Command Center  
Show
View Real Time Build Order
Export as new Build Order

A.I. 2 (Very Easy) Protoss 

Build Orders:  

Get SALT Encoding   

  12  0:00  Probe  
  13  0:13  Probe  
  14  0:20  Pylon  
  14  0:37  Assimilator  
  14  0:44  Gateway  
  14  0:47  Pylon  
  14  1:13  Assimilator  
  14  1:22  Probe  
  14  1:30  Probe  
  14  1:32  Zealot  
  17  1:33  Cybernetics Core  
  17  1:38  Probe  
  19  1:49  Probe  
  20  1:59  Probe  
  20  2:07  Probe  
  21  2:10  Warp Gate  
  22  2:44  Stalker  
  24  4:53  Probe  
  21  5:01  Probe  
  22  5:09  Probe  
  23  5:17  Probe  
  24  7:24  Probe  
  25  7:30  Adept  
  25  7:31  Pylon  
  25  7:32  Robotics Facility, Probe  
  25  7:35  Nexus  
  28  8:11  Probe  
  24  8:20  Observer  
  25  8:28  Stalker  
  27  8:41  Observer  
  27  8:46  Probe  
  29  8:55  Probe  
  29  8:58  Probe  
  29  8:59  Assimilator  
  29  9:02  Assimilator  
  30  9:07  Probe  
  32  9:17  Probe  
  32  9:20  Probe  
  33  9:27  Zealot  
  36  9:31  Probe  
  36  9:38  Probe  
  38  9:45  Probe  
  38  9:49  Probe  
  40  10:00  Probe  
  40  10:06  Probe  
  42  10:14  Probe  
  42  10:17  Probe  
  44  10:28  Probe  
  44  10:29  Stalker  
  44  10:33  Pylon  
  27  10:43  Probe  
  21  10:57  Pylon  
  21  10:58  Zealot  
Tags
 
Composition
MMM Bio
League
Diamond
Matchup
PvT
Spawn Locations
Cross Positions
Add a new tag
Caveats
  • Supply blocks, unpowered buildings, or Contaminate may cause inaccurate times.
  • Supply counts are checked every 10 seconds.